 Dungeon Crawl Stone Soup version 0.21-a0-260-g9b2435e (webtiles) character file.

466188 RKaid the Wrestler (level 24, -25/224 (226) HPs)
             Began as a Ghoul Warper on Aug 30, 2017.
             Was the Champion of Makhleb.
             Annihilated by an acid blob (31 damage)
             ... created by the Royal Jelly
             ... on level 5 of the Pits of Slime on Sept 7, 2017.
             The game lasted 07:43:12 (71264 turns).

RKaid the Wrestler (Ghoul Warper)                  Turns: 71264, Time: 07:43:13

HP:   -25/224 (226) AC: 12    Str: 19 (20) XL:     24   Next: 58%
MP:   23/34         EV: 20    Int: 15 (16) God:    Makhleb [******]
Gold: 2951          SH: 13    Dex:  9 (12) Spells: 12/30 levels left

rFire    + . .     SeeInvis +     - Unarmed
rCold    + . .     Gourm    .   B - +0 shield {reflect}
rNeg     + + +     Faith    .   e - +1 faerie dragon scales {rCorr Int+2}
rPois    ∞         Spirit   .   Y - +1 hat {SInv}
rElec    +         Reflect  +   j - +0 cloak
rCorr    +         Harm     .   Z - +2 pair of gloves "Nileak" {rElec Regen+ Dex+4}
MR       ++++.     Clarity  +   F - +2 pair of boots of the Assassin {Detection Stab+ Stlth++}
Stlth    +++.......             h - amulet of the Four Winds {rN+ MR+++ Clar}
HPRegen  0.00/turn              k - ring of protection from fire {rF+}
MPRegen  0.24/turn              d - +4 ring of evasion

@: corroded, very slightly contaminated, rotting
A: rotting body, claws 1, carnivore 3, cold resistance 1, negative energy
resistance 3, inhibited regeneration, torment resistance, unbreathing
}: 2/15 runes: decaying, gossamer
a: Minor Destruction, Lesser Servant of Makhleb, Major Destruction, Greater
Servant of Makhleb, Renounce Religion


You were on level 5 of the Pits of Slime.
You worshipped Makhleb.
Makhleb was exalted by your worship.
You were not hungry.

You visited 10 branches of the dungeon, and saw 46 of its levels.
You visited the Abyss 1 time.
You visited 1 bazaar.
You also visited: Labyrinth, Ossuary and Ice Cave.

You collected 5668 gold pieces.
You spent 2717 gold pieces at shops.

Inventory:

Missiles
 D - 3 throwing nets (quivered) {=f}
Armour
 e - the +1 faerie dragon scales (worn) {rCorr Int+2}
   (You took it off the Enchantress on level 2 of the Depths)

   It affects your intelligence (+2).
   It protects you from acid and corrosion.
 g - the quicksilver dragon scales of the Catfish {+Fly rN+ MR+, MR+}
   (You bought it in a shop in a bazaar)

   It protects you from negative energy.
   It affects your resistance to hostile enchantments.
   It lets you fly.
 j - a +0 cloak (worn)
   (You found it on level 4 of the Dungeon)
 x - a scarf of cloud immunity
   (You bought it in a shop on level 2 of the Orcish Mines)
 B - a +0 shield of reflection (worn)
   (You took it off Donald on level 3 of the Spider Nest)
 F - the +2 pair of boots of the Assassin (worn) {Detection Stab+ Stlth++}
   (You acquired it on level 4 of the Vaults)

   It makes you much more stealthy.
 Y - a +1 hat of see invisible (worn)
   (You found it in an ice cave)
 Z - the +2 pair of gloves "Nileak" (worn) {rElec Regen+ Dex+4}
   (You found it on level 1 of the Orcish Mines)

   It affects your dexterity (+4).
   It insulates you from electricity.
   It increases your rate of regeneration.
Magical Staves
 a - an uncursed staff of wizardry {wiz+, !a}
   (You found it on level 1 of the Orcish Mines)
Jewellery
 d - a +4 ring of evasion (right hand)
   (You found it on level 1 of the Spider Nest)
 h - the amulet of the Four Winds (around neck) {rN+ MR+++ Clar}
   (You took it off a deep elf high priest on level 3 of the Elven Halls)

   [amulet of nothing]

   It protects you from negative energy.
   It affects your resistance to hostile enchantments.
   It protects you against confusion.
 k - a ring of protection from fire (left hand) {rF+}
   (You found it on level 1 of the Dungeon)
 w - the ring of the Madman {rF- AC+1 Str+7 Int+8 Dex-3}
   (You bought it in a shop in a bazaar)

   [ring of protection]

   It affects your AC (+1).
   It affects your strength (+7).
   It affects your intelligence (+8).
   It affects your dexterity (-3).
   It makes you vulnerable to fire.
 K - an uncursed ring of protection from fire {rF+}
   (You found it on level 5 of the Dungeon)
 R - the ring "Demm" {+Fly Int+4}
   (You found it on level 1 of the Swamp)

   [ring of flight]

   It affects your intelligence (+4).
   It lets you fly.
 U - an uncursed ring of protection from cold {rC+}
   (You found it on level 4 of the Vaults)
Wands
 A - a wand of acid (7/15)
   (You found it on level 8 of the Dungeon)
 E - a wand of iceblast (8/15)
   (You found it on level 2 of the Dungeon)
 H - a wand of paralysis (2/24)
   (You found it on level 4 of the Dungeon)
Scrolls
 i - 20 scrolls of identify
 l - 7 scrolls of fog
 m - 2 scrolls of torment
 o - 24 scrolls of remove curse
 y - 18 scrolls of teleportation
 z - 2 scrolls of silence
 C - 4 scrolls of magic mapping {!r}
 N - 2 scrolls of fear
 P - 14 scrolls of recharging
 Q - 2 scrolls of blinking {!r}
 T - a scroll of summoning
 W - 6 scrolls of enchant armour
Potions
 b - 8 potions of flight
 n - 2 potions of agility
 p - 2 potions of magic
 q - a potion of heal wounds
 r - 4 potions of ambrosia
 s - 10 potions of curing
 t - 4 potions of resistance
 v - a potion of cancellation
 G - 8 potions of might
 I - 2 potions of haste
 L - 4 potions of invisibility
 O - 8 potions of brilliance
Miscellaneous
 M - a lamp of fire
   (You found it on level 6 of the Lair of Beasts)
 S - a lightning rod (4/4)
   (You found it on level 15 of the Dungeon)
 V - 2 boxes of beasts
 X - 3 phantom mirrors
Comestibles
 f - 18 meat rations


   Skills:
 + Level 20.6 Fighting
 - Level 0.8 Throwing
 + Level 12.6 Armour
 - Level 11.0 Dodging
 - Level 15.0 Shields
 + Level 25.0 Unarmed Combat
 - Level 3.7 Spellcasting
 - Level 4.0 Charms
 - Level 2.3 Necromancy
 - Level 10.0 Translocations
 - Level 16.0 Invocations


You had 12 spell levels left.
You knew the following spells:

 Your Spells              Type           Power        Failure   Level  Hunger
a - Shroud of Golubria    Chrm/Tloc      ###.......   1%          2    ##.....
b - Song of Slaying       Chrm           ###.....     6%          2    ##.....
A - Regeneration          Chrm/Necr      ##........   19%         3    ###....
B - Blink                 Tloc           N/A          1%          2    ##.....
C - Teleport Other        Tloc           ####....     1%          3    ###....
D - Passage of Golubria   Tloc           N/A          3%          4    ####...
E - Summon Butterflies    Summ           #.......     22%         1    None
F - Apportation           Tloc           ####..       1%          1    None


Dungeon Overview and Level Annotations

Branches:
Dungeon (15/15)            Temple (1/1) D:4            Lair (6/6) D:11
  Swamp (4/4) Lair:3       Spider (4/4) Lair:2        Slime (5/5) Lair:5
    Orc (2/2) D:12            Elf (3/3) Orc:2        Vaults (4/5) D:13
  Crypt (0/3) Vaults:2     Depths (2/5) D:15

Altars:
Ashenzari
Cheibriados
Dithmenos
Elyvilon
Fedhas
Gozag
Hepliaklqana
Kikubaaqudgha
Makhleb
Nemelex Xobeh
Okawaru
Qazlal
Ru
Sif Muna
Trog
Uskayaw
Vehumet
Wu Jian
Xom
Yredelemnul
Zin
The Shining One
Jiyva

Shops:
D:6 [   D:7 =   D:9 ?   D:13 *   D:14 (   D:15 (   Orc:2 %[(}   Vaults:3 %
Vaults:4 [

Portals:
Hell: Depths:1
Abyss: Depths:1
Pandemonium: Depths:1

Annotations:
D:7 1 runed door
Lair:4 exclusion: 2 oklob plants
Spider:1 exclusion: Roxanne, Roxanne
Slime:5 Royal Jelly
Elf:2 3 runed doors
Vaults:3 loom's ghost, adept DrCj
Depths:2 Mara


Innate Abilities, Weirdness & Mutations

Your body is rotting away.
You thrive on raw meat.
You are immune to poison.
You have sharp fingernails.
You are carnivorous and can eat meat at any time.
Your flesh is cold resistant. (rC+)
You are immune to negative energy. (rN+++)
You do not regenerate when monsters are visible.
You are immune to unholy pain and torment.
You can survive without breathing.


Message History

The azure jelly hits your Executioner!
Your Executioner dies!
The acid blob quivers. x3
Evoke which item? (* to show all) (? for menu, Esc to quit)
Okay, then.
Press: ? - help, v - describe, . - travel
Here: the Royal Jelly (heavily wounded, covered in liquid flames)
The floor.
Unknown command.
The Royal Jelly burns!
The Royal Jelly shudders.
The Royal Jelly spits out another jelly.
The death ooze misses you.
Your shroud bends the death ooze's attack away!
The death ooze completely misses you. The death ooze misses you.
Evoke which item? (* to show all) (? for menu, Esc to quit)
Aiming: Iceblast
Press: ? - help, Shift-Dir - straight line, f - acid blob, p - Royal Jelly
Aim: an acid blob The mass of ice explodes!
The iceblast engulfs the acid blob. x2
The iceblast engulfs the death ooze.
The death ooze partially resists.
The iceblast engulfs the acid blob.
The iceblast engulfs the Royal Jelly.
The iceblast engulfs the death ooze.
The death ooze partially resists.
The iceblast engulfs the azure jelly.
The azure jelly partially resists.
This wand has 8 charges left.
The Royal Jelly shudders.
The Royal Jelly spits out another jelly.
You are no longer corroded.
The Royal Jelly burns!
The Royal Jelly shudders.
The Royal Jelly spits out another jelly.
The acid blob spits acid at you. The splash of acid hits you! You resist.
You are splashed with acid!
The acid burns!
You resist. The death ooze hits you.
You feel terrible. You block the death ooze's attack.
Casting: Regeneration
Confirm with . or Enter, or press ? or * to list all spells.
Aiming: Passage of Golubria
Press: ? - help, Dir - move target cursor, p - acid blob You miscast Passage of Golubria.
You are very lightly contaminated with residual magic.
Strange energies run through your body.
The Royal Jelly burns!
The Royal Jelly shudders.
The Royal Jelly spits out another jelly.
The acid blob hits you!
You are splashed with acid!
The acid burns!
You resist. You block the death ooze's attack. x2
Casting: Passage of Golubria
Confirm with . or Enter, or press ? or * to list all spells.
Aiming: Passage of Golubria
Press: ? - help, Dir - move target cursor The Royal Jelly burns!
The acid blob hits you!!
You are splashed with acid!
The acid burns!
You resist.
Your shroud falls apart!
The Royal Jelly shudders.
The Royal Jelly spits out another jelly.
You block the death ooze's attack. The death ooze barely misses you.
The acid blob closely misses you. The acid blob completely misses you.
You block the acid blob's attack.
Your skin stops crawling.
The Royal Jelly burns!
The acid blob enters the passage of Golubria.
You block the acid blob's attack.
Casting: Passage of Golubria
Confirm with . or Enter, or press ? or * to list all spells.
You blink.
You are splashed with acid!
The walls burn you! You resist.
The Royal Jelly burns!
The Royal Jelly stops burning.
The acid blob spits acid at you. The splash of acid misses you.
The acid blob spits acid at you. The splash of acid hits you!
You are splashed with acid!
The acid burns!
You resist. The acid blob spits acid at you. The splash of acid hits you!
You are splashed with acid!
The acid burns!
You resist.
You are splashed with acid!
The wall burns you! You resist. The acid blob spits acid at you.
The splash of acid hits you!
You are splashed with acid!
The acid burns!
You resist. The acid blob spits acid at you. The splash of acid hits you!
You resist.
You are splashed with acid!
The acid burns!
You resist.
The azure jelly jiggles.
The Royal Jelly misses you. The Royal Jelly hits you! The acid corrodes you!
You are splashed with acid!
The acid burns!
You resist.
* * * LOW HITPOINT WARNING * * *
The acid blob spits acid at you. The splash of acid hits you!
The acid corrodes you!
You are splashed with acid!
The acid burns!
You resist.
* * * LOW HITPOINT WARNING * * *
The death ooze jiggles.
The acid blob jiggles.
There is a stone staircase leading up here.
The Royal Jelly hits you!!!
* * * LOW HITPOINT WARNING * * *
You are splashed with acid!
The acid burns!
You resist.
* * * LOW HITPOINT WARNING * * *
The Royal Jelly barely misses you. The acid blob spits acid at you.
The splash of acid hits you! You resist.
* * * LOW HITPOINT WARNING * * *
You are splashed with acid!
The acid burns!
You resist.
* * * LOW HITPOINT WARNING * * *
The acid blob hits you!!
You die...

......... #.........
................
#...............
##............... #
##................ #..#.
###.................
.....###...................
#........@..J.............
##......JJ.J...........#
##.....JJJJJ..........##
#......JJJJJ..........#
#....................##
###.......JJJ........###
#....................#
#....................#
.............J.......#


You could see the Royal Jelly, 6 acid blobs, 4 azure jellies and 6 death oozes.

Vanquished Creatures
  An ancient lich (Depths:1)
  Nikola (Spider:1)
  Arachne (Spider:4)
  the Enchantress (Depths:2)
  The ghost of MirrMurr the Slayer, an adept HOBe of Trog (Vaults:1)
  Rupert (Orc:1)
  3 liches
  An Ice Fiend (IceCv)
  A deep elf master archer (Elf:3)
  A deep elf blademaster (Elf:3)
  A tentacled starspawn (Abyss:3)
  A shadow dragon (Depths:1)
  11 acid blobs
  A sphinx (Vaults:4)
  A tengu reaver (Vaults:3)
  A storm dragon (Vaults:3)
  4 thorn hunters
  4 azure jellies
  3 frost giants
  A fire giant (shapeshifter) (Depths:2)
  3 fire giants
  7 ghost moths
  8 deep elf sorcerers
  Aizul (Vaults:4)
  Louise (Spider:1)
  A deep elf elementalist (Elf:3)
  12 vault wardens
  7 emperor scorpions
  8 stone giants
  2 spriggan defenders (Depths:2)
  3 war gargoyles (Depths:2)
  11 very ugly things
  7 ironheart preservers
  3 vampire knights
  The ghost of casual the Geomancer, a journeyman DsTm of Sif Muna (Depths:1)
  8 entropy weavers
  9 deep elf annihilators
  A lorocyproca (Depths:1)
  7 deep elf demonologists
  3 spark wasps (Spider:4)
  9 ettins
  A minotaur (Lab)
  3 death oozes
  7 deep elf death magi
  Josephine (D:12)
  2 fire dragons
  7 deep elf high priests
  7 great orbs of eyes
  6 yaktaur captains
  3 rakshasas
  4 vault guards
  19 hydras
  Harold (Lair:2)
  3 ghost crabs
  An anaconda (shapeshifter) (Vaults:2)
  4 ice dragons
  Erica (Orc:1)
  5 death knights
  A queen ant (Spider:1)
  10 dancing weapons
  5 ogre magi
  7 centaur warriors
  8 deep troll shamans (Depths:1)
  4 alligators
  13 two-headed ogres
  13 death yaks
  8 tengu warriors
  5 orc high priests
  A shock serpent (Depths:2)
  The ghost of kal9871 the Carver, a novice DsSk of Okawaru (D:10)
  5 deep troll earth magi
  A thrashing horror (Abyss:3)
  Sonja (Orc:2)
  A spriggan berserker (Depths:2)
  2 sun demons
  20 deep elf knights
  2 soul eaters (Depths:1)
  4 wretched stars (Abyss:3)
  2 shadow wraiths (Depths:1)
  2 iron trolls (Depths:1)
  4 glowing orange brains (Depths:2)
  19 skeletal warriors
  A fire crab (Lair:6)
  A spriggan druid (Swamp:3)
  3 flayed ghosts
  A phantasmal warrior (Vaults:3)
  11 deep trolls
  9 swamp dragons
  A glowing orange brain (shapeshifter) (Depths:2)
  4 wizards
  3 unseen horrors
  16 deep elf archers
  6 shambling mangroves
  17 ironbrand convokers
  21 orc knights
  70 deep elf magi
  A wolf spider zombie (D:14)
  2 lindwurms (Swamp:4)
  5 harpies (Vaults:3)
  5 necromancers
  An orb spider (shapeshifter) (Depths:1)
  13 orb spiders
  3 orc sorcerers
  38 wolf spiders
  5 shining eyes
  3 manticores
  2 fauns (shapeshifter) (Depths:2)
  35 ugly things
  16 cyclopes
  A worldbinder (Spider:1)
  3 moths of wrath
  A moth of wrath (shapeshifter) (Vaults:1)
  A stone giant skeleton (Vaults:3)
  2 black mambas (shapeshifter)
  17 elephants
  A fire giant skeleton (Depths:1)
  2 eyes of devastation
  2 smoke demons (Abyss:3)
  3 torpor snails
  A torpor snail (shapeshifter) (Depths:2)
  5 molten gargoyles
  4 black mambas
  14 vault sentinels
  2 gargoyles
  5 large abominations
  2 centaur skeletons (D:13)
  21 spiny frogs
  A spriggan zombie (Depths:1)
  A hellion (Abyss:3)
  5 ice devils (IceCv)
  10 komodo dragons
  28 yaktaurs
  8 rime drakes
  An efreet (D:15)
  3 ancient zymes (Abyss:3)
  A redback zombie (D:15)
  4 hellwings
  16 demonic crawlers
  A yaktaur skeleton (Vaults:3)
  9 freezing wraiths
  A golden dragon simulacrum (IceCv)
  5 polar bears
  2 anaconda simulacra (IceCv)
  6 tengu conjurers
  8 trolls
  6 tyrant leeches
  A queen bee (D:8)
  36 jumping spiders
  A hornet (shapeshifter) (Vaults:1)
  26 hornets
  A meliai (shapeshifter) (Depths:2)
  9 raiju (Abyss:3)
  A raiju (shapeshifter) (Vaults:4)
  19 blink frogs
  7 hippogriffs
  A minotaur skeleton (Lab)
  110 slime creatures
  A dream sheep (shapeshifter) (Vaults:3)
  Grinder (D:5)
  5 bog bodies
  15 dream sheep
  5 air elementals
  4 flying skulls (Abyss:3)
  84 redbacks
  8 starcursed masses (Abyss:3)
  13 spriggans
  2 spriggans (shapeshifter) (Vaults:4)
  A shadow (Vaults:2)
  2 water elementals
  31 tarantellas
  7 wyverns
  2 yaks (shapeshifter)
  Sigmund (D:2)
  5 humans (D:9)
  5 wraiths (D:12)
  8 fire elementals
  2 basilisks
  45 yaks
  A golden eye (Slime:4)
  3 hungry ghosts
  2 death yak simulacra (IceCv)
  25 vampire mosquitoes
  Edmund (D:6)
  2 chaos spawn
  A neqoxec (Abyss:3)
  9 harpy simulacra (IceCv)
  A human simulacrum (Vaults:3)
  8 wargs
  9 insubstantial wisps
  An iron troll simulacrum (IceCv)
  4 acid dragons
  A deep troll zombie (Vaults:3)
  21 swamp worms
  4 small abominations
  23 soldier ants
  A deep troll skeleton (Vaults:3)
  2 hydra simulacra (IceCv)
  7 porcupines
  17 water moccasins
  Duvessa (D:7)
  60 orc warriors
  3 sky beasts
  9 swamp drakes
  3 black bears
  26 ogres
  4 ice beasts
  22 wolves
  5 phantoms
  A necrophage (D:11)
  5 eyes of draining
  27 boggarts
  37 centaurs
  11 crocodiles
  An elf skeleton (Vaults:3)
  3 big kobolds
  A yaktaur zombie (Depths:1)
  4 elf zombies (Ossuary)
  3 wyvern zombies
  A bullfrog (shapeshifter) (Vaults:2)
  14 bullfrogs
  3 gnoll sergeants
  6 earth elementals
  3 human skeletons (Vaults:3)
  Dowan (D:7)
  A wyvern skeleton (D:8)
  7 scorpions
  An elephant simulacrum (IceCv)
  17 killer bees
  7 wights
  9 howler monkeys
  13 crimson imps
  4 electric eels
  3 bullfrog zombies
  4 centaur zombies
  6 hounds
  6 jellies
  6 bullfrog skeletons
  5 human zombies (Ossuary)
  33 orc priests
  35 orc wizards
  6 iguanas
  4 hell rats (Lair:3)
  A polar bear simulacrum (IceCv)
  33 worker ants
  3 troll simulacra (IceCv)
  3 wolf simulacra (IceCv)
  2 centaur simulacra (IceCv)
  A hound zombie (D:6)
  3 mummies (Ossuary)
  A howler monkey zombie (D:11)
  A worker ant zombie (D:11)
  13 gnolls
  16 adders
  3 naga simulacra (IceCv)
  2 ogre simulacra (IceCv)
  11 shadow imps
  7 white imps
  7 ufetubi
  3 oozes
  An adder zombie (D:9)
  2 adder skeletons (D:4)
  3 worms
  A ball lightning (Depths:2)
  5 dart slugs
  4 leopard geckos
  112 orcs
  A ball python (D:6)
  10 giant cockroaches
  6 goblins
  12 hobgoblins
  6 jackals
  4 quokkas
  7 bats
  3 frilled lizards
  18 kobolds
  A leopard gecko zombie (D:6)
  4 quokka skeletons
  2 rats
  3 crawling corpses (Depths:1)
  A fungus (D:11)
  3 starspawn tentacles (Abyss:3)
2204 creatures vanquished.

Vanquished Creatures (collateral kills)
  Bai Suzhen (Swamp:3)
  An acid blob (Slime:5)
  Gastronok (D:9)
  Donald (Spider:3)
  A frost giant (D:12)
  A vault warden (Vaults:4)
  The ghost of WhatIsLove the Devastator, a journeyman DEFE of Sif Muna (Swamp:1)
  A spriggan defender (Depths:2)
  An ironheart preserver (Vaults:4)
  3 entropy weavers
  A deep elf demonologist (Vaults:4)
  A deep elf annihilator (Vaults:4)
  The ghost of ontamu the Unseen, a journeyman OpAs of Uskayaw (Lab)
  A death ooze (Slime:5)
  A yaktaur captain (Vaults:4)
  A spriggan air mage (Depths:2)
  2 hydras
  A death yak (Lair:1)
  A tengu warrior (D:10)
  2 two-headed ogres
  An orc high priest (Orc:2)
  A deep elf knight (Elf:3)
  4 deep elf archers (Vaults:4)
  2 orb spiders
  4 wolf spiders
  2 cyclopes
  A vault sentinel (Vaults:4)
  A demonic crawler (Spider:4)
  A hornet (Lair:6)
  2 jumping spiders (Spider:1)
  A blink frog (Lair:6)
  A troll (Vaults:2)
  A hippogriff (Lair:6)
  3 redbacks
  An air elemental (Depths:2)
  3 spriggans
  2 tarantellas
  A basilisk (Lair:2)
  8 yaks (D:8)
  An insubstantial wisp (Swamp:1)
  An orc warrior (Orc:2)
  2 black bears
  2 wolves (Lair:6)
  An electric eel (D:8)
  2 orc priests
  5 orcs
78 creatures vanquished.

Vanquished Creatures (others)
  An ironheart preserver (Vaults:1)
  An entropy weaver (Spider:1)
  A yaktaur captain (Vaults:1)
  A centaur warrior (Vaults:1)
  An unseen horror (Abyss:3)
  A lindwurm (Swamp:4)
  3 deep elf archers
  2 cyclopes (Orc:1)
  6 yaktaurs
  2 hornets
  3 water elementals (Depths:2)
  A redback (Vaults:4)
  A centaur (D:15)
  An orc priest (D:13)
  A white imp (Abyss:3)
  4 ball lightnings (Depths:2)
  2 orcs (D:13)
  A bat (D:1)
  8 briar patches
  2 bushes
  A crawling corpse (Elf:3)
  27 fungi
  10 plants
  5 starspawn tentacles (Abyss:3)
86 creatures vanquished.

Grand Total: 2368 creatures vanquished

Notes
Turn   | Place    | Note
-------+----------+-------------------------------------------
     0 | D:1      | RKaid the Ghoul Warper began the quest for the Orb.
     0 | D:1      | Reached XP level 1. HP: 17/17 MP: 2/2
   143 | D:1      | Reached XP level 2. HP: 15/25 MP: 3/3
   147 | D:1      | Learned a level 2 spell: Blink
   279 | D:1      | Reached skill level 3 in Unarmed Combat
   429 | D:1      | Reached XP level 3. HP: 28/30 MP: 4/4
  1011 | D:1      | Reached skill level 3 in Fighting
  1287 | D:2      | Found a faded altar of an unknown god.
  1295 | D:2      | Reached XP level 4. HP: 37/38 MP: 5/5
  1306 | D:2      | Noticed Sigmund
  1346 | D:2      | Reached skill level 3 in Translocations
  1383 | D:2      | Killed Sigmund
  1383 | D:2      | Reached skill level 4 in Unarmed Combat
  1383 | D:2      | Reached XP level 5. HP: 45/45 MP: 6/6
  1412 | D:2      | Reached skill level 5 in Unarmed Combat
  1467 | D:2      | Found a basalt altar of Yredelemnul.
  1467 | D:2      | Found a deep blue altar of Sif Muna.
  1585 | D:2      | Found a stormy altar of Qazlal.
  1715 | D:2      | Reached XP level 6. HP: 49/52 MP: 7/7
  2189 | D:3      | Reached skill level 4 in Fighting
  2629 | D:3      | Found a bloodstained altar of Trog.
  2860 | D:3      | Reached skill level 4 in Translocations
  3139 | D:4      | Noticed a phantom
  3200 | D:4      | Reached XP level 7. HP: 35/60 MP: 8/8
  3207 | D:4      | Reached skill level 6 in Unarmed Combat
  3209 | D:4      | HP: 11/59 [phantom (9)]
  3218 | D:4      | Found a sand-covered staircase.
  3224 | Ossuary  | Entered an ossuary
  3622 | Ossuary  | Reached skill level 5 in Fighting
  3815 | Ossuary  | Reached skill level 7 in Unarmed Combat
  3971 | Ossuary  | Reached XP level 8. HP: 33/66 MP: 9/9
  4203 | Ossuary  | HP: 14/65 [elf zombie (4)]
  4500 | Ossuary  | Reached skill level 8 in Unarmed Combat
  4751 | D:4      | Reached skill level 6 in Fighting
  4844 | D:4      | Found a radiant altar of Vehumet.
  4887 | D:4      | HP: 14/70 [orc wizard/magic dart (8)]
  4892 | D:4      | HP: 17/70 [something/puff of flame (3)]
  4897 | D:4      | HP: 14/70 [orc wizard/magic dart (4)]
  5208 | D:4      | Learned a level 3 spell: Teleport Other
  5211 | D:4      | Learned a level 2 spell: Shroud of Golubria
  5391 | D:4      | Reached skill level 9 in Unarmed Combat
  5402 | D:4      | Found a staircase to the Ecumenical Temple.
  5411 | Temple   | Entered the Ecumenical Temple
  5598 | Temple   | Became a worshipper of Makhleb the Destroyer
  5929 | D:4      | Reached skill level 2 in Spellcasting
  5935 | D:4      | Learned a level 4 spell: Passage of Golubria
  6129 | D:5      | Entered Level 5 of the Dungeon
  6145 | D:4      | Reached skill level 1 in Shields
  6331 | D:4      | Reached XP level 9. HP: 60/78 MP: 11/11
  6568 | D:5      | Reached skill level 7 in Fighting
  6680 | D:5      | Reached skill level 2 in Shields
  6682 | D:5      | Noticed Grinder
  6729 | D:5      | HP: 19/78 [adder (4)]
  6734 | D:5      | HP: 13/78 [adder (4)]
  7078 | D:5      | Reached skill level 10 in Unarmed Combat
  7091 | D:5      | Found a transporter.
  7113 | D:5      | Found a transporter.
  7258 | D:5      | Killed Grinder
  7258 | D:5      | Reached * piety under Makhleb
  8265 | D:6      | Reached skill level 3 in Shields
  8413 | D:6      | Found Yleuline's Antique Armour Shop.
  8418 | D:6      | Bought a pair of slimy boots for 256 gold pieces
  8418 | D:6      | Identified the +1 pair of boots of the Evening {rN+} (You bought it in a shop on level 6 of the Dungeon)
  8490 | D:6      | Noticed Edmund
  8518 | D:6      | Killed Edmund
  8781 | D:6      | Reached skill level 4 in Shields
  9027 | D:6      | Noticed a deep elf mage
  9032 | D:6      | Killed a deep elf mage
  9032 | D:6      | Reached skill level 8 in Fighting
  9032 | D:6      | Reached skill level 1 in Invocations
  9032 | D:6      | Reached XP level 10. HP: 88/88 MP: 12/12
  9152 | D:6      | Reached skill level 2 in Invocations
  9341 | D:7      | Reached ** piety under Makhleb
  9345 | D:7      | Found Tutoym's Jewellery Emporium.
  9445 | D:6      | Reached skill level 11 in Unarmed Combat
  9662 | D:7      | Found a runed door.
  9664 | D:7      | Noticed a sixfirhy
 10100 | D:7      | Noticed Dowan
 10130 | D:7      | Killed Dowan
 10217 | D:7      | Reached skill level 5 in Translocations
 10273 | D:7      | Found an opulent altar of Gozag.
 10293 | D:7      | Noticed Duvessa
 10300 | D:7      | Killed Duvessa
 10462 | D:8      | Reached skill level 3 in Invocations
 10653 | D:8      | Reached skill level 1 in Charms
 10673 | D:8      | HP: 22/90 [killer bee (7)]
 10692 | D:8      | HP: 18/90 [killer bee (5)]
 10710 | D:7      | HP: 18/90 [phantom (1)]
 10735 | D:6      | HP: 17/90 [phantom (1)]
 11136 | D:8      | Noticed a cyclops
 11297 | D:6      | Bought an encrusted leather armour for 189 gold pieces
 11308 | D:6      | Identified the +1 leather armour of the End {*Corrode +Fly Int+6 Slay+4} (You bought it in a shop on level 6 of the Dungeon)
 11442 | D:8      | Reached skill level 9 in Fighting
 11459 | D:8      | Reached *** piety under Makhleb
 11459 | D:8      | Reached skill level 2 in Charms
 11637 | D:8      | Noticed a two-headed ogre
 11678 | D:8      | HP: 20/91 [two-headed ogre/giant spiked club (13)]
 11714 | D:8      | Killed a two-headed ogre
 11714 | D:8      | Reached skill level 4 in Invocations
 11958 | D:8      | Noticed a two-headed ogre
 11987 | D:8      | Killed a two-headed ogre
 11997 | D:8      | Killed a cyclops
 11997 | D:8      | Reached skill level 6 in Translocations
 11997 | D:8      | Reached skill level 5 in Invocations
 11997 | D:8      | Reached XP level 11. HP: 88/97 MP: 13/13
 12115 | D:8      | HP: 24/99 [yak (9)]
 12204 | D:8      | Reached skill level 10 in Fighting
 12410 | D:9      | Noticed Gastronok
 12491 | D:9      | Found Ufem's Magic Scroll Emporium.
 12519 | D:9      | Bought a scroll of identify for 24 gold pieces
 12519 | D:9      | Bought a scroll of identify for 24 gold pieces
 12532 | D:9      | Found a shadowy altar of Dithmenos.
 12602 | D:9      | Reached skill level 12 in Unarmed Combat
 12683 | D:9      | Reached skill level 6 in Invocations
 12764 | D:9      | RKaid: @??gastronok
 12764 | D:9      | beem: Gastronok (w)
                  | Spd:
     5 | HD: 20   | HP: 125-171
                  | AC/EV: 3/1
                  | Dam: 40
                  | items, doors, amphibious, spellcaster, see invisible
                  | Res: magic(80), drown
                  | Chunks: noxious
                  | XP: 2231
                  | Sp: cantrip, airstrike (0-50), sum.small mammal, slow, sprint
                  | Sz: Big
                  | Int: human.
 12769 | D:9      | Noticed a two-headed ogre
 12815 | D:9      | Killed Gastronok
 12815 | D:9      | Reached skill level 2 in Dodging
 12860 | D:9      | Killed a two-headed ogre
 12860 | D:9      | Reached skill level 3 in Dodging
 13123 | D:9      | Reached skill level 7 in Invocations
 13253 | D:9      | Found a bloodstained altar of Trog.
 13394 | D:9      | Reached **** piety under Makhleb
 13406 | D:9      | Reached skill level 4 in Dodging
 13420 | D:9      | Noticed a two-headed ogre
 13458 | D:9      | Killed a two-headed ogre
 13458 | D:9      | Reached XP level 12. HP: 58/105 MP: 16/16
 13825 | D:10     | Entered Level 10 of the Dungeon
 14044 | D:10     | Noticed kal9871's ghost (novice DsSk)
 14089 | D:10     | Killed kal9871's ghost
 14089 | D:10     | Reached skill level 8 in Invocations
 14143 | D:10     | Noticed a tengu warrior
 14150 | D:10     | Reached skill level 5 in Dodging
 14150 | D:10     | Reached skill level 13 in Unarmed Combat
 14169 | D:10     | Killed a tengu warrior
 14930 | D:11     | Found a labyrinth entrance.
 14971 | Lab      | Entered a labyrinth
 14986 | Lab      | Noticed ontamu's ghost (journeyman OpAs)
 15006 | Lab      | Killed ontamu's ghost
 15157 | Lab      | Noticed a minotaur
 15166 | Lab      | Killed a minotaur
 15166 | Lab      | Reached skill level 9 in Invocations
 15178 | Lab      | Got a smoking leather armour
 15229 | D:11     | Reached skill level 6 in Dodging
 15252 | D:11     | Identified the cursed +0 leather armour "Cetz" {*Contam rF- rC++ Str+9} (You found it in a labyrinth)
 15746 | D:11     | Found a staircase to the Lair.
 15875 | D:11     | Reached ***** piety under Makhleb
 16162 | Lair:1   | Entered Level 1 of the Lair of Beasts
 16723 | Lair:1   | HP: 21/106 [water moccasin (6)]
 17258 | Lair:1   | Noticed a five-headed hydra
 17271 | Lair:1   | Killed a five-headed hydra
 17555 | Lair:1   | Reached skill level 7 in Dodging
 17622 | Lair:1   | Noticed a death yak
 17631 | Lair:1   | Killed a death yak
 17631 | Lair:1   | Reached skill level 14 in Unarmed Combat
 17631 | Lair:1   | Reached skill level 10 in Invocations
 17631 | Lair:1   | Reached XP level 13. HP: 66/113 MP: 19/19
 17906 | Lair:2   | Noticed Harold
 17920 | Lair:2   | Killed Harold
 18046 | Lair:2   | Found a hole to the Spider Nest.
 18399 | Lair:2   | Learned a level 1 spell: Summon Butterflies
 19020 | Lair:3   | Reached skill level 8 in Dodging
 19284 | Lair:3   | Found a staircase to the Swamp.
 19477 | Lair:3   | HP: 23/113 [death yak (23)]
 19478 | Lair:3   | Upgraded the game from 0.21-a0-225-g207ae17 to 0.21-a0-227-g58a7c62
 19478 | Lair:3   | RKaid: @??rime drake
 19478 | Lair:3   | beem: rime drake (k)
                  | Spd:
    12 | HD: 6    | HP: 27-39
                  | AC/EV: 3/12
                  | Dam: 8
                  | fly
                  | Res: magic(20), cold
                  | XP: 374
                  | Sp: flash freeze (3d13) [!AM, !sil, breath]
                  | Sz: Large
                  | Int: animal.
 19955 | Lair:3   | Reached skill level 11 in Invocations
 20090 | Lair:3   | Found a stormy altar of Qazlal.
 20610 | Lair:3   | Reached skill level 7 in Translocations
 21633 | Lair:5   | Found a staircase to the Slime Pits.
 21633 | Lair:5   | Found a viscous altar of Jiyva.
 21695 | Lair:4   | Reached skill level 15 in Unarmed Combat
 21697 | Lair:4   | Reached skill level 11 in Fighting
 21715 | Lair:5   | Reached XP level 14. HP: 124/124 MP: 21/21
 22317 | Lair:5   | Reached skill level 8 in Translocations
 22527 | Lair:5   | Reached skill level 12 in Invocations
 23061 | Lair:6   | Entered Level 6 of the Lair of Beasts
 23786 | Lair:6   | HP: 30/125 [black mamba[a boggart] (9)]
 23791 | Lair:5   | HP: 21/125 [wolf (7)]
 24218 | Lair:6   | Reached skill level 12 in Fighting
 24386 | Lair:6   | Reached skill level 9 in Translocations
 24904 | Lair:6   | Reached skill level 16 in Unarmed Combat
 24914 | Lair:6   | RKaid: !ac 6
 24914 | Lair:6   | beem: 3.67 armour skill per 1 AC for 6 base AC
 25081 | Lair:6   | Reached ****** piety under Makhleb
 25116 | Lair:6   | Reached XP level 15. HP: 127/134 MP: 23/23
 25640 | Lair:3   | Reached skill level 13 in Fighting
 25759 | D:12     | Noticed Josephine
 25767 | D:12     | Killed Josephine
 25885 | D:12     | Found a staircase to the Orcish Mines.
 26369 | D:11     | Reached skill level 9 in Dodging
 26877 | D:12     | Noticed a frost giant
 26878 | D:12     | Upgraded the game from 0.21-a0-227-g58a7c62 to 0.21-a0-229-g3587535
 27687 | Orc:1    | Entered Level 1 of the Orcish Mines
 27692 | Orc:1    | Noticed Erica
 27704 | Orc:1    | Killed Erica
 28136 | Orc:1    | RKaid: @??cyclops
 28136 | Orc:1    | beem: cyclops (C)
                  | Spd:
     7 | HD: 9    | HP: 43-58
                  | AC/EV: 5/3
                  | Dam: 35
                  | items, doors
                  | Res: magic(40), drown
                  | XP:
   533 | Sz: Giant | Int: human.
 28136 | Orc:1    | RKaid: ??large rock
 28136 | Orc:1    | beem: large rock[1/2]: (throwing; 20 dam / base delay 2.0 / 0.7 min delay). A very large and very heavy stone. Only large creatures are capable of throwing it.
 28656 | Orc:1    | Noticed a frost giant
 28683 | Orc:1    | HP: 34/137 [ettin/dire flail (42)]
 28688 | Orc:1    | HP: 31/137 [orc wizard/magic dart (3)]
 28723 | D:12     | RKaid: @??deep elf mage
 28723 | D:12     | beem: deep elf mage (e)
                  | Spd:
    10 | HD: 9    | HP: 32-48
                  | AC/EV: 1/12
                  | Dam: 5
                  | weapons, items, doors, spellcaster
                  | Res: magic(40)
                  | XP: 576
                  | Sp: b.draining (3d17), sum.demon, sum.vermin, blink / b.lightning (3d16), blink / magic dart (3d5), mystic blast (3d14), force lance (3d13), battlesphere / sticky flame range (3d5), b.fire (3d17), sum.fire elementals, blink / stone arrow (3d15), b.magma (3d17),
 28723 | D:12     | beem: sum.earth elementals, blink / throw icicle (3d17), b.cold (3d17), sum.ice beast, blink
                  | Sz: Medium
                  | Int: human.
 28733 | D:12     | HP: 24/137 [frost giant/bolt of cold (18)]
 28772 | D:12     | Reached skill level 17 in Unarmed Combat
 29305 | D:11     | Upgraded the game from 0.21-a0-229-g3587535 to 0.21-a0-238-geb0acef
 29804 | D:12     | HP: 31/135 [frost giant/bolt of cold (22)]
 29810 | D:12     | Killed a frost giant
 30186 | Orc:1    | Reached skill level 10 in Dodging
 30214 | Orc:1    | Reached skill level 14 in Fighting
 30250 | Orc:1    | HP: 31/138 [frost giant/bolt of cold (15)]
 30251 | Orc:1    | HP: 13/138 [frost giant/bolt of cold (12)]
 30253 | Orc:1    | Killed a frost giant
 30485 | Orc:1    | Got a warped scimitar
 30491 | Orc:1    | Got an encrusted rapier
 30494 | Orc:1    | Got a fine great sword
 30518 | Orc:1    | Got a polished chain mail
 30520 | Orc:1    | Got a pair of spiked gloves
 30532 | Orc:1    | Identified the +5 chain mail of Nosh {MP+9} (You found it on level 1 of the Orcish Mines)
 30553 | Orc:1    | Identified the +2 pair of gloves "Nileak" {rElec Regen+ Dex+4} (You found it on level 1 of the Orcish Mines)
 30569 | Orc:1    | Identified the +8 rapier "Axzodaps" {elec, SInv} (You found it on level 1 of the Orcish Mines)
 30571 | Orc:1    | Identified the +7 great sword "Jellybane" {flame, Str+2} (You found it on level 1 of the Orcish Mines)
 30575 | Orc:1    | Identified the +8 scimitar "Fegga" {protect, rElec rPois} (You found it on level 1 of the Orcish Mines)
 30661 | Orc:2    | Entered Level 2 of the Orcish Mines
 30689 | Orc:2    | Noticed Rupert
 30724 | Orc:1    | Reached XP level 16. HP: 118/146 MP: 24/24
 30732 | Orc:1    | RKaid: !ac 7
 30732 | Orc:1    | beem: 3.14 armour skill per 1 AC for 7 base AC
 30769 | Orc:1    | Killed Rupert
 30769 | Orc:1    | Reached skill level 1 in Armour
 31298 | Orc:2    | Reached skill level 2 in Armour
 31341 | Orc:2    | Noticed Sonja
 31371 | Orc:2    | Killed Sonja
 31383 | Orc:2    | HP: 35/146 [orc warrior/halberd of protection (7)]
 31823 | Orc:2    | Found Seli's Gadget Boutique.
 31823 | Orc:2    | Found Quloulur's Food Boutique.
 31824 | Orc:2    | Found Kerhiz's Antique Weapon Boutique.
 31824 | Orc:2    | Found Peentups's Antique Armour Shop.
 31838 | Orc:2    | Bought a glowing scarf for 272 gold pieces
 31909 | Orc:2    | Reached skill level 3 in Armour
 32246 | D:12     | Upgraded the game from 0.21-a0-238-geb0acef to 0.21-a0-241-g2cbab09
 32494 | D:13     | Found Ymal's Demolitions Depot.
 32522 | D:13     | Learned a level 1 spell: Apportation
 32768 | D:13     | Found a gate to the Vaults.
 33009 | D:13     | Reached skill level 4 in Armour
 33726 | D:14     | Found Elikiwno's Weapon Emporium.
 34019 | D:14     | Reached skill level 15 in Fighting
 34134 | D:13     | Reached skill level 18 in Unarmed Combat
 34306 | D:15     | Entered Level 15 of the Dungeon
 34352 | D:15     | Reached skill level 5 in Armour
 34352 | D:15     | Reached skill level 10 in Translocations
 34501 | D:15     | Learned a level 2 spell: Song of Slaying
 34505 | D:15     | Learned a level 3 spell: Regeneration
 34745 | D:15     | Found Vori's Weapon Boutique.
 35101 | D:15     | Identified the Guide on the Birds
 35218 | D:15     | Reached XP level 17. HP: 128/156 MP: 25/25
 35224 | D:15     | Found a staircase to the Depths.
 35899 | Orc:2    | Found a staircase to the Elven Halls.
 36184 | Swamp:1  | Entered Level 1 of the Swamp
 36184 | Swamp:1  | Noticed WhatIsLove's ghost (journeyman DEFE)
 36208 | Swamp:1  | Killed WhatIsLove's ghost
 36875 | Swamp:1  | Identified Bem Acva's Arcane Arts, Part Five
 36924 | Swamp:1  | Got a slimy brass ring
 37530 | Swamp:2  | Reached skill level 11 in Dodging
 38300 | Swamp:3  | Noticed Bai Suzhen
 38432 | Swamp:2  | Reached skill level 6 in Armour
 38461 | Swamp:2  | Reached skill level 3 in Charms
 38649 | Swamp:2  | HP: 34/156 [alligator (10)]
 38659 | Swamp:2  | HP: 32/156 [alligator (2)]
 39020 | D:9      | Bought a scroll of identify for 24 gold pieces
 39020 | D:9      | Bought a scroll of teleportation for 36 gold pieces
 39020 | D:9      | Bought a scroll of teleportation for 36 gold pieces
 39020 | D:9      | Bought a scroll of blinking for 90 gold pieces
 39020 | D:9      | Bought a scroll of identify for 24 gold pieces
 39020 | D:9      | Bought a scroll of identify for 24 gold pieces
 39020 | D:9      | Bought a scroll of fog for 24 gold pieces
 39020 | D:9      | Bought a scroll of teleportation for 36 gold pieces
 39020 | D:9      | Bought a scroll of identify for 24 gold pieces
 39286 | Swamp:3  | HP: 39/157 [hornet[a shambling mangrove] (11)]
 39598 | Spider:1 | Entered Level 1 of the Spider Nest
 39880 | Lair:2   | Identified the ring "Demm" {+Fly Int+4} (You found it on level 1 of the Swamp)
 40022 | Spider:1 | Noticed Louise
 40062 | Spider:1 | Cast into level 3 of the Abyss (Louise)
 40129 | Abyss:3  | Identified Voih's Almanac of Heat
 40133 | Abyss:3  | Reached skill level 4 in Charms
 40163 | Abyss:3  | HP: 39/157 [green draconian monk (7)]
 40170 | Abyss:3  | HP: 19/157 [white imp/puff of frost[you] (2)]
 40464 | Abyss:3  | Noticed a tentacled starspawn
 40495 | Abyss:3  | HP: 35/158 [spatial maelstrom (24)]
 40566 | Abyss:3  | RKaid: @??raiju
 40566 | Abyss:3  | beem: raiju (h)
                  | Spd:
    10 | HD: 7    | HP: 30-45
                  | AC/EV: 4/14
                  | Dam: 11(elec:7-9)
                  | see invisible
                  | Res: magic(20), elec+++, blind
                  | XP: 264
                  | Sp: blinkbolt (2d14) [!sil]
                  | Sz: Medium
                  | Int: animal.
 40608 | Abyss:3  | HP: 30/157 [sixfirhy (13)]
 40608 | Abyss:3  | HP: 13/157 [sixfirhy (3)]
 40616 | Abyss:3  | HP: 5/157 [sixfirhy (10)]
 40616 | Abyss:3  | HP: 2/157 [sixfirhy (3)]
 40904 | Abyss:3  | Reached skill level 1 in Necromancy
 40930 | Abyss:3  | Noticed a tentacled starspawn
 40934 | Abyss:3  | Noticed a tentacled starspawn
 41094 | Abyss:3  | Reached skill level 16 in Fighting
 41168 | Abyss:3  | Found a corrupted altar of Lugonu.
 41201 | Abyss:3  | Reached skill level 7 in Armour
 41224 | Abyss:3  | Reached skill level 2 in Necromancy
 41325 | Abyss:3  | Upgraded the game from 0.21-a0-241-g2cbab09 to 0.21-a0-243-g597973d
 41343 | Abyss:3  | Noticed a tentacled starspawn
 41357 | Abyss:3  | Killed a tentacled starspawn
 41370 | Spider:1 | Escaped the Abyss
 41372 | Spider:1 | HP: 38/158 [Louise/trident of venom (7)]
 41695 | Elf:1    | Entered Level 1 of the Elven Halls
 42426 | D:6      | Bought a polished ring mail for 243 gold pieces
 42427 | D:6      | Identified the +0 ring mail "Ivadwas" {Int+3 Dex-2 Stlth+} (You bought it in a shop on level 6 of the Dungeon)
 43180 | D:15     | Reached XP level 18. HP: 152/163 MP: 26/26
 43253 | D:11     | RKaid: !ac 9
 43253 | D:11     | beem: 2.44 armour skill per 1 AC for 9 base AC
 43382 | Elf:1    | Reached skill level 19 in Unarmed Combat
 43638 | Orc:2    | Reached skill level 3 in Spellcasting
 43919 | Lair:2   | RKaid: @??louise
 43919 | Lair:2   | beem: Louise (@)
                  | Spd:
    10 | HD: 13   | HP: 84-126
                  | AC/EV: 10/5
                  | Dam: 17
                  | weapons, items, doors, spellcaster
                  | Res: magic(80)
                  | XP: 1639
                  | Sp: sting (d12), stone arrow (3d20), b.lightning (3d19), banishment, blink
                  | Sz: Medium
                  | Int: human.
 44271 | Spider:1 | Killed Louise
 44397 | Spider:1 | Noticed Nikola
 44456 | Lair:2   | RKaid: !ac 8
 44456 | Lair:2   | beem: 2.75 armour skill per 1 AC for 8 base AC
 44466 | Spider:1 | RKaid: @??nikola
 44466 | Spider:1 | beem: Nikola (@)
                  | Spd:
    10 | HD: 18   | HP: 168-218
                  | AC/EV: 2/9
                  | Dam: 20
                  | weapons, items, doors, spellcaster, see invisible
                  | Res: magic(120)
                  | XP: 4073
                  | Sp: shock (d18), b.lightning (3d22), chain lightning (5-264), blink
                  | Sz: Medium
                  | Int: human.
 44479 | Spider:1 | Killed Nikola
 44601 | Spider:1 | Reached skill level 8 in Armour
 44711 | Spider:1 | Noticed Roxanne
 46834 | Spider:3 | Got a scorched dagger
 46835 | Spider:3 | Identified the +4 dagger of Ohasad {pierce, rF- Int+4} (You found it on level 3 of the Spider Nest)
 47104 | Spider:3 | Noticed Donald
 47122 | Spider:3 | Killed Donald
 47122 | Spider:3 | Reached skill level 17 in Fighting
 47719 | Spider:4 | Entered Level 4 of the Spider Nest
 48044 | Spider:4 | Reached skill level 5 in Shields
 48446 | Spider:4 | Reached XP level 19. HP: 131/177 MP: 24/27
 48634 | Spider:4 | Reached skill level 6 in Shields
 48780 | Spider:4 | Noticed Arachne
 48796 | Spider:4 | Killed Arachne
 48796 | Spider:4 | Reached skill level 20 in Unarmed Combat
 49376 | Spider:4 | HP: 44/177 [emperor scorpion (1)]
 49377 | Spider:4 | Reached skill level 7 in Shields
 49826 | Spider:4 | Got a gossamer rune of Zot
 49920 | Spider:4 | HP: 41/177 [ghost moth (14)]
 49962 | Spider:4 | HP: 29/177 [ghost moth (6)]
 49971 | Spider:4 | HP: 38/177 [tarantella (11)]
 49988 | Spider:4 | HP: 25/177 [wolf spider (3)]
 50057 | Spider:4 | Reached skill level 8 in Shields
 51204 | Swamp:3  | Killed Bai Suzhen
 51212 | Swamp:3  | Identified 3 scrolls of acquirement
 51625 | Swamp:3  | Got a scintillating bronze amulet
 51626 | Swamp:3  | Identified the amulet "Zasighem" {RegenMP rF- MR+ Int+5} (You acquired it on level 3 of the Swamp)
 51634 | Swamp:4  | Entered Level 4 of the Swamp
 51850 | Swamp:3  | Reached skill level 9 in Shields
 52521 | Swamp:4  | Reached XP level 20. HP: 187/187 MP: 28/28
 52762 | Swamp:4  | Got a decaying rune of Zot
 53216 | D:11     | Reached skill level 10 in Shields
 53325 | Vaults:1 | Entered Level 1 of the Vaults
 53961 | Vaults:1 | Reached skill level 13 in Invocations
 54009 | Vaults:1 | HP: 38/187 [deep elf archer/arrow[an ironheart preserver] (23)]
 54021 | Vaults:1 | HP: 31/187 [deep elf archer/arrow[an ironheart preserver] (15)]
 54039 | Vaults:1 | HP: 44/187 [deep elf archer/arrow[an ironheart preserver] (10)]
 54649 | Vaults:1 | Reached skill level 11 in Shields
 54704 | Vaults:1 | HP: 37/187 [sun demon[an ironheart preserver] (22)]
 55032 | Vaults:1 | Reached skill level 21 in Unarmed Combat
 55092 | Vaults:1 | Noticed MirrMurr's ghost (adept HOBe)
 55133 | Vaults:1 | Killed MirrMurr's ghost
 56024 | Vaults:2 | Found a flickering gateway to a bazaar.
 56084 | Vaults:2 | Reached skill level 12 in Shields
 56125 | Bazaar   | Entered a bazaar
 56139 | Bazaar   | Found Ymurch's Jewellery Emporium.
 56155 | Bazaar   | Found Heqov's Magic Scroll Shoppe.
 56155 | Bazaar   | Found Atacsymo's Armour Emporium.
 56176 | Bazaar   | Found Wuj Ela's Jewellery Emporium.
 56217 | Bazaar   | Bought a scroll of identify for 18 gold pieces
 56217 | Bazaar   | Bought a scroll of identify for 18 gold pieces
 56217 | Bazaar   | Bought a scroll of identify for 18 gold pieces
 56217 | Bazaar   | Bought a scroll of identify for 18 gold pieces
 56217 | Bazaar   | Bought 3 scrolls of teleportation for 81 gold pieces
 56217 | Bazaar   | Bought a scroll of identify for 18 gold pieces
 56217 | Bazaar   | Bought a scroll of identify for 18 gold pieces
 56217 | Bazaar   | Bought a scroll of fear for 31 gold pieces
 56217 | Bazaar   | Bought a scroll of identify for 18 gold pieces
 56223 | Bazaar   | Bought the quicksilver dragon scales of the Catfish {+Fly rN+ MR+} for 586 gold pieces
 56251 | Bazaar   | Bought the ring of the Madman {rF- AC+1 Str+7 Int+8 Dex-3} for 197 gold pieces
 56910 | Vaults:2 | Found a staircase to the Crypt.
 57044 | Vaults:1 | Upgraded the game from 0.21-a0-243-g597973d to 0.21-a0-244-gd4adca8
 57287 | Vaults:2 | Reached XP level 21. HP: 193/193 MP: 30/30
 57294 | Vaults:2 | Reached skill level 14 in Invocations
 57547 | Vaults:3 | Noticed loom's ghost (adept DrCj)
 57579 | Vaults:3 | HP: 25/192 [loom's ghost/dispel undead (45)]
 58569 | Vaults:3 | Found Tonkip's Food Boutique.
 58756 | Vaults:3 | Reached skill level 13 in Shields
 59272 | Vaults:3 | Upgraded the game from 0.21-a0-244-gd4adca8 to 0.21-a0-257-gbb444f2
 60247 | Vaults:4 | Noticed Aizul
 60278 | Vaults:4 | Killed Aizul
 60587 | Vaults:4 | Reached skill level 15 in Invocations
 60727 | Vaults:4 | Reached skill level 14 in Shields
 60871 | Vaults:4 | HP: 44/193 [deep elf archer/arrow[an ironheart preserver] (13)]
 60874 | Vaults:4 | HP: 15/193 [deep elf archer/arrow[an ironheart preserver] (10)]
 60885 | Vaults:4 | HP: 22/193 [fire elemental[an ironheart preserver] (10)]
 60891 | Vaults:4 | HP: 25/193 [something (5)]
 60992 | Vaults:4 | Reached skill level 22 in Unarmed Combat
 60994 | Vaults:4 | Reached XP level 22. HP: 153/201 MP: 32/32
 61055 | Vaults:4 | Found the +2 pair of boots of the Assassin {Detection Stab+ Stlth++}
 61159 | Vaults:4 | Reached skill level 18 in Fighting
 61595 | Vaults:4 | Found Xifekk's Antique Armour Boutique.
 61602 | Vaults:4 | Bought a warped scarf for 370 gold pieces
 61603 | Vaults:4 | Identified the scarf "Fyod" {rElec} (You bought it in a shop on level 4 of the Vaults)
 61661 | Vaults:4 | Got a bloodstained spear {speed}
 61663 | Vaults:4 | Identified the +8 spear "Faynil" {speed, SInv} (You took it off a deep elf mage on level 4 of the Vaults)
 62420 | Elf:1    | Identified the Grimoire of Confrontation
 63012 | Elf:2    | Found a runed gate.
 63013 | Elf:2    | Found a runed gate.
 63014 | Elf:2    | Found a runed gate.
 63128 | Elf:2    | Reached skill level 15 in Shields
 63129 | Elf:2    | RKaid: !ac 13
 63129 | Elf:2    | beem: 1.69 armour skill per 1 AC for 13 base AC
 63431 | Elf:3    | Entered Level 3 of the Elven Halls
 63431 | Elf:3    | Found a frozen archway.
 63454 | IceCv    | Entered an ice cave
 64658 | Elf:3    | Reached skill level 9 in Armour
 65637 | Elf:3    | HP: 48/204 [acid (13)]
 65638 | Elf:3    | Reached XP level 23. HP: 67/211 MP: 33/33
 65952 | Elf:3    | Reached skill level 19 in Fighting
 66009 | Elf:3    | Got a faintly glowing long sword {slice}
 66014 | Elf:3    | Got a warped halberd {chop}
 66022 | Elf:3    | Got a dazzling scythe {slice}
 66050 | Elf:3    | Got a translucent trident {freeze}
 66171 | Elf:3    | Found the +7 Singing Sword
 66175 | Elf:3    | Got a translucent trident
 66249 | Elf:3    | Reached skill level 16 in Invocations
 66287 | Elf:3    | Got a scorched jade ring
 66313 | Elf:3    | Identified the cursed ring "Sisop" {+Blink rN+ Str-3 Int-3} (You took it off a deep elf demonologist on level 3 of the Elven Halls)
 66543 | Depths:1 | Entered Level 1 of the Depths
 66702 | Depths:1 | HP: 52/210 [deep troll shaman (6)]
 66710 | Depths:1 | HP: 19/210 [fire giant/bolt of fire[a boggart] (21)]
 66711 | Depths:1 | HP: 9/210 [rakshasa (illusionary)/trident (6)]
 67085 | Depths:1 | Reached skill level 10 in Armour
 67150 | Depths:1 | Noticed casual's ghost (journeyman DsTm)
 67151 | Depths:1 | Found a gateway to Hell.
 67191 | Depths:1 | Killed casual's ghost
 67216 | Depths:1 | Reached skill level 23 in Unarmed Combat
 67599 | Depths:1 | Found a one-way gate to the infinite horrors of the Abyss.
 67981 | Depths:1 | Noticed an ancient lich
 68007 | Depths:1 | Killed an ancient lich
 68050 | Depths:1 | Reached skill level 11 in Armour
 68440 | Depths:1 | Identified the Grimoire of the Foremost Suns
 68587 | Depths:1 | Found a one-way gate leading to the halls of Pandemonium.
 69027 | Depths:2 | Reached skill level 24 in Unarmed Combat
 69048 | Depths:2 | Noticed the Enchantress
 69095 | Depths:2 | Killed the Enchantress
 69107 | Depths:2 | Reached XP level 24. HP: 114/223 MP: 34/34
 69117 | Depths:2 | Got faerie dragon scales
 69134 | Depths:2 | Identified the +1 faerie dragon scales {rCorr Int+2} (You took it off the Enchantress on level 2 of the Depths)
 69304 | Depths:2 | Reached skill level 20 in Fighting
 69405 | Depths:2 | Noticed a caustic shrike
 69405 | Depths:2 | an acid blob changed into a caustic shrike
 69410 | Depths:2 | Noticed Mara
 69414 | Depths:2 | Noticed RKaid's illusion
 69460 | Depths:2 | Upgraded the game from 0.21-a0-257-gbb444f2 to 0.21-a0-260-g9b2435e
 69865 | Slime:1  | Entered Level 1 of the Pits of Slime
 70065 | Slime:2  | Reached skill level 12 in Armour
 70358 | Slime:5  | Entered Level 5 of the Pits of Slime
 70560 | Slime:5  | Noticed the Royal Jelly
 70892 | Slime:4  | Reached skill level 25 in Unarmed Combat
 71264 | Slime:5  | HP: 18/224 [the Royal Jelly (41)]
 71264 | Slime:5  | HP: 6/224 [acid[the Royal Jelly] (6)]
 71264 | Slime:5  | Annihilated by an acid blob

Vault maps used:
D:1:      shiori_arrival_oz, corner_web_ring
D:2:      gammafunk_temple_overflow_wave, first_bread,
          chequers_ecumenical_altar_simple, grunt_qazlal_sundering, uniq_sigmund
D:3:      trog_book
D:4:      lemuel_crystal_altar, minmay_temple_entry_glass,
          nicolae_ossuary_entry_false_entrances
D:5:      gammafunk_wand_slinger, uniq_grinder
D:6:      kennysheep_six_static_rooms, serial_shops, shop,
          guppyfry_early_elven_hall, uniq_edmund
D:7:      cheibrodos_shockbox, serial_shops, nicolae_shop_crystal, basic_altar,
          uniq_duvessa
D:8:      argonaut_augean_stables, david_nohive_1
D:9:      nicolae_dithmenos_shadow_blocks, lemuel_coloured_pillars_altar,
          serial_shops, shop_fountains, minmay_ruffians, uniq_gastronok
D:10:     kennysheep_generic_room_5
D:11:     grunt_lair_entry_orc_guard_hut, lab_entry_generic
D:12:     evilmike_diamond_1, david_orc_3, kennysheep_crisscross, uniq_josephine
D:13:     david_vaults_5, minmay_misc_feat_four_crosses, nicolae_blasting_shop
D:14:     serial_shops, shop
D:15:     grunt_enter_depths_hoard, serial_shops, shop,
          minmay_misc_feat_enclosed
Temple:   eino_temple_scatter_basement
Lair:1:   grunt_forest_stairs_basic, grunt_forest_large_clearing_hut
Lair:2:   dummy_spider_entry, uniq_harold
Lair:3:   minmay_swamp_entry_worms, lemuel_centaur_altar, grunt_megastairs_1
Lair:4:   minmay_lair_oklob_chamber
Lair:5:   slime_altar_1, serial_bayou_shore_a
Lair:6:   minmay_lair_end_enchanted_forest, minmay_stone_trees_small,
          grunt_megastairs_4, serial_bayou_shore_b, lemuel_fruit_tree
Swamp:1:  evilmike_swamp_ruin_house_2, swamp_pool1
Swamp:2:  hangedman_swamp_ruin_hall, swamp_pool4
Swamp:3:  infiniplex_staircase_pool_2, uniq_bai_suzhen
Swamp:4:  swamp_alternative
Spider:1: cheibrodos_spider_silkery, minivault_29, uniq_nikola, uniq_louise,
          uniq_roxanne
Spider:2: spider_trap, nicolae_spider_cling_ruins
Spider:3: guppyfry_spider_mini_3, uniq_donald
Spider:4: johnstein_spider_rune_arachne_lair, uniq_arachne
Slime:4:  cheibrodos_slime_lost_civilization_10
Orc:1:    giant_chief_lemuel, uniq_erica
Orc:2:    st_orc_pillars, uniq_rupert, uniq_sonja
Elf:1:    eino_elf_arrival_the_gate, minmay_elf_sorcery, minivault_24
Elf:3:    minmay_elf_hall_quartered_circle, portal_ice_cave_entry_pillars_2
Vaults:1: v_pattern_2, nicolae_vaults_network_barrier,
          nicolae_vaults_shelves_hall, nicolae_vaults_hallways_thing,
          ontoclasm_vaults_pinch, vaults_dpeg_diagonal,
          hangedman_vaults_corner_blocks, ontoclasm_vaults_bender,
          grunt_vaults_hallway_short, hangedman_vaults_nails, v_misc_14,
          vaults_room_grunt_arrival_ludios, nicolae_vaults_asterisk
Vaults:2: vaults_room_fancy_cross, minmay_crypt_entry_simple_round,
          hangedman_vaults_hat, nicolae_vaults_ring_of_whatevers,
          nicolae_vaults_big_angled_halls, grunt_vaults_diagonal,
          nicolae_vaults_twisting_passages, v_misc_25, vaults_dpeg_hooks,
          serial_shops, bzr_entry_gold
Vaults:3: dpeg_vaults_pockets_of_resistance, v_misc_24, ontoclasm_vaults_idyll,
          nicolae_vaults_stairing_the_circle, vaults_dpeg_encased_lava,
          nicolae_vaults_circle_grid_b, nicolae_vaults_sealed_display,
          nicolae_vaults_asterisk, hangedman_vaults_stagger,
          ontoclasm_vaults_ring_large, nicolae_vaults_gold_heap, serial_shops,
          shop
Vaults:4: vaults_room_door_hall, nicolae_vaults_lopsided_apartments,
          vaults_dpeg_doors, grunt_vaults_trifunnel,
          nicolae_vaults_inception_statues,
          vaults_standard_mumra_enter_the_diamond, vaults_room_pools,
          serial_shops, shop, uniq_aizul
Depths:1: hell_entry, columned_hall_lemuel, rand_demon_pan_entry_9, abyss_entry,
          st_stairs_8, kennysheep_underground_church, grunt_megastairs_2,
          firewood_loft
Depths:2: radiant_caverns_b_rkd, hell_entry, uniq_mara, uniq_enchantress,
          uniq_jorgrun
Abyss:3:  hangedman_abyss_lost_library
Lab:      labyrinth_hidden_loot, nicolae_lab_grate_2, nicolae_lab_garden,
          labyrinth_fake_exit, lab_block, nicolae_lab_arrow,
          nicolae_lab_starburst
Bazaar:   bazaar_short_row
Ossuary:  ossuary_minmay_four_chambers
IceCv:    ice_cave_caverns_03

Skill      XL: |  1  2  3  4  5  6  7  8  9 10 11 12 13 14 15 16 17 18 19 20 21 22 23 24 |
---------------+-------------------------------------------------------------------------+-----
Unarmed Combat | 3 4 5 7 9 10 11 12 14 15 16 17 18 19 20 21 22 24 25 | 25.0
Fighting       | 3 4 5 6 8 9 10 11 12 14 15 16 17 18 19 20 | 20.6
Translocations | 3 4 6 7 9 10 | 10.0
Spellcasting   | 2 3 |  3.7
Shields        | 1 4 5 9 12 14 15 | 15.0
Invocations    | 1 5 7 10 11 12 13 15 16 | 16.0
Charms         | 2 4 |  4.0
Dodging        | 4 7 8 10 11 | 11.0
Armour         | 5 7 8 9 11 12 | 12.6
Necromancy     | 2 |  2.3
Throwing       | |  0.8

Action                   |  1- 3 |  4- 6 |  7- 9 | 10-12 | 13-15 | 16-18 | 19-21 | 22-24 || total
-------------------------+-------+-------+-------+-------+-------+-------+-------+-------++-------
Melee: Unarmed           |    98 |   135 |   435 |   818 |  1311 |  2435 |  2364 |  2229 ||  9825
       Punch             |     1 |     3 |    12 |       |       |       |       |       ||    16
Throw: Tomahawk          |       |       |     2 |     2 |     1 |     3 |       |       ||     8
       Throwing net      |       |       |       |       |     1 |       |       |     2 ||     3
 Cast: Blink             |       |       |     3 |    14 |    32 |    35 |    18 |     4 ||   106
       Shroud of Golubri |       |       |     2 |    12 |     7 |     4 |    12 |     4 ||    41
       Passage of Golubr |       |       |       |     2 |     7 |    26 |    14 |     8 ||    57
       Teleport Other    |       |       |       |     1 |     7 |       |       |       ||     8
       Regeneration      |       |       |       |       |       |     4 |       |     1 ||     5
       Song of Slaying   |       |       |       |       |       |     5 |     1 |     2 ||     8
       Apportation       |       |       |       |       |       |     1 |       |       ||     1
Invok: Lesser Servant of |       |       |       |    14 |    18 |    23 |    26 |       ||    81
       Minor Destruction |       |       |       |    11 |    50 |    66 |    27 |     9 ||   163
       Major Destruction |       |       |       |       |     9 |     7 |    10 |     7 ||    33
       Greater Servant o |       |       |       |       |       |     1 |     2 |     6 ||     9
 Abil: Evoke Flight      |       |       |     2 |       |       |     2 |     3 |       ||     7
Evoke: Wand              |       |     1 |    13 |    22 |     6 |     6 |     2 |     1 ||    51
       Box of beasts     |       |       |       |       |       |     1 |       |       ||     1
       Lamp of fire      |       |       |       |       |       |       |       |     1 ||     1
  Use: Scroll            |     2 |     9 |     9 |    16 |    19 |    25 |     8 |     9 ||    97
       Potion            |       |       |     1 |     2 |     9 |    14 |     7 |     1 ||    34
 Stab: Paralysed         |       |       |    14 |     6 |     1 |       |       |       ||    21
       Distracted        |       |       |       |       |     1 |     8 |     9 |     3 ||    21
       Confused          |       |       |       |       |       |     2 |     2 |       ||     4
       Sleeping          |       |       |       |       |       |       |       |     9 ||     9
  Eat: Chunk             |     6 |    13 |    32 |    97 |   210 |   205 |   172 |    81 ||   816
       Royal jelly       |       |       |       |       |       |     2 |       |       ||     2
       Meat ration       |       |       |       |       |       |       |       |     3 ||     3
Armor: Leather armour    |    33 |    17 |    97 |   170 |   189 |   294 |       |       ||   800
       Ring mail         |       |       |       |       |       |   429 |   174 |       ||   603
       Acid dragon scale |       |       |       |       |       |       |   250 |   116 ||   366
       Quicksilver drago |       |       |       |       |       |       |   166 |   327 ||   493
Dodge: Dodged            |    50 |    51 |   137 |   399 |   625 |  2033 |  1271 |  1094 ||  5660
Block: Buckler           |       |       |    15 |   144 |   272 |   634 |   151 |       ||  1216
       Reflection        |       |       |       |       |    24 |    20 |    95 |    40 ||   179
       Shield            |       |       |       |       |       |       |   913 |  1169 ||  2082

Table legend:
 A = Spawn XP
 B = Non-spawn XP
 C = Spawn XP percentage of total XP
 D = Spawn monster count
 E = Non-spawn monster count
 F = Spawn count percentage of total count
 G = Total turns spent on level
                    A         B        C        D         E        F      G
               +---------+---------+-------+---------+---------+-------+---------
         Total |   86486 |  821486 |   9.5 |     291 |    1993 |  12.7 | 71264
               +---------+---------+-------+---------+---------+-------+---------
           D:1 |      18 |      56 |  24.3 |       4 |      23 |  14.8 |  1322
           D:2 |       7 |     253 |   2.7 |       2 |      12 |  14.3 |   596
           D:3 |     126 |     129 |  49.4 |       4 |      21 |  16.0 |  1118
           D:4 |     278 |     830 |  25.1 |       6 |      28 |  17.6 |  2047
           D:5 |      43 |     954 |   4.3 |       1 |      26 |   3.7 |  1557
           D:6 |     245 |    1739 |  12.3 |      11 |      23 |  32.4 |  2104
           D:7 |      52 |    1016 |   4.9 |       2 |      31 |   6.1 |   951
           D:8 |     469 |    5495 |   7.9 |       2 |      40 |   4.8 |  1541
           D:9 |     629 |    6006 |   9.5 |       6 |      36 |  14.3 |  1291
          D:10 |    1414 |    2701 |  34.4 |      12 |      18 |  40.0 |  1274
          D:11 |    1639 |    4191 |  28.1 |      14 |      36 |  28.0 |  1918
          D:12 |    1659 |   14470 |  10.3 |      14 |      59 |  19.2 |  3150
          D:13 |    3235 |   16823 |  16.1 |      12 |      38 |  24.0 |  1982
          D:14 |    1003 |    8926 |  10.1 |       4 |      33 |  10.8 |   847
          D:15 |    1411 |   14149 |   9.1 |       3 |      27 |  10.0 |  1853
        Lair:1 |     433 |    4129 |   9.5 |       4 |      16 |  20.0 |  2168
        Lair:2 |    1020 |    8488 |  10.7 |       4 |      33 |  10.8 |  2115
        Lair:3 |    3010 |    4511 |  40.0 |       4 |      28 |  12.5 |  1825
        Lair:4 |     876 |    6890 |  11.3 |       3 |      25 |  10.7 |  1282
        Lair:5 |    3808 |   13027 |  22.6 |       6 |      34 |  15.0 |  1896
        Lair:6 |    1542 |   23640 |   6.1 |       5 |      88 |   5.4 |  1739
       Swamp:1 |    1708 |    5684 |  23.1 |       6 |      16 |  27.3 |  1295
       Swamp:2 |    2152 |   13675 |  13.6 |       5 |      43 |  10.4 |  1630
       Swamp:3 |    2294 |   24138 |   8.7 |       4 |      37 |   9.8 |  1539
       Swamp:4 |       0 |   21477 |   0.0 |       0 |      48 |   0.0 |  1002
      Spider:1 |    4311 |   26511 |  14.0 |      11 |      80 |  12.1 |  1418
      Spider:2 |    3719 |   11526 |  24.4 |      12 |      24 |  33.3 |  1308
      Spider:3 |    1225 |   11316 |   9.8 |       4 |      31 |  11.4 |  1135
      Spider:4 |    7463 |   53930 |  12.2 |      23 |     108 |  17.6 |  2775
       Slime:1 |       0 |    5723 |   0.0 |       0 |      12 |   0.0 |   112
       Slime:2 |       0 |   11096 |   0.0 |       0 |      18 |   0.0 |   209
       Slime:3 |       0 |     943 |   0.0 |       0 |       3 |   0.0 |    36
       Slime:4 |       0 |   18777 |   0.0 |       0 |      37 |   0.0 |   705
       Slime:5 |       0 |   20129 |   0.0 |       0 |      25 |   0.0 |   325
         Orc:1 |    1162 |   19580 |   5.6 |      11 |      67 |  14.1 |  2322
         Orc:2 |    1479 |   13343 |  10.0 |      12 |      89 |  11.9 |  2086
         Elf:1 |     807 |   19623 |   4.0 |       1 |      31 |   3.1 |  1061
         Elf:2 |       0 |   15331 |   0.0 |       0 |      30 |   0.0 |   826
         Elf:3 |       0 |   67575 |   0.0 |       0 |      75 |   0.0 |  2014
      Vaults:1 |   19724 |   48559 |  28.9 |      26 |      77 |  25.2 |  2459
      Vaults:2 |    6445 |   18068 |  26.3 |      20 |      44 |  31.2 |  1867
      Vaults:3 |    2073 |   56223 |   3.6 |       3 |      93 |   3.1 |  2068
      Vaults:4 |       0 |   59723 |   0.0 |       0 |      75 |   0.0 |  1796
      Depths:1 |       0 |   81111 |   0.0 |       0 |     113 |   0.0 |  1884
      Depths:2 |       0 |   37979 |   0.0 |       0 |      51 |   0.0 |   823
       Abyss:3 |    9007 |    9118 |  49.7 |      30 |      21 |  58.8 |  1308
           Lab |       0 |    2034 |   0.0 |       0 |       4 |   0.0 |   215
       Ossuary |       0 |     780 |   0.0 |       0 |      15 |   0.0 |  1360
         IceCv |       0 |    9091 |   0.0 |       0 |      51 |   0.0 |   757
               +---------+---------+-------+---------+---------+-------+---------

Table legend:
 A = Turns spent in this place as a percentage of turns spent in the entire game.
 B = Non-inter-level travel turns spent in this place as a percentage of non-inter-level travel turns spent in the entire game.
 C = Inter-level travel turns spent in this place as a percentage of turns spent in this place.
 D = Turns resting spent in this place as a percentage of non-inter-level travel turns spent in this place.
 E = Turns spent auto-exploring this place as a percentage of non-inter-level travel turns spent in this place.
 F = Non-inter-level travel turns spent in this place divided by the number of levels of this place that you've seen.
                   A       B       C       D       E      F
               +-------+-------+-------+-------+-------+----------------------
         Total | 100.0 | 100.0 |   8.5 |  22.8 |  28.0 | 1278.9
       Dungeon |  33.0 |  32.2 |  10.9 |  28.0 |  32.5 | 1399.3
        Temple |   0.3 |   0.2 |  22.8 |   0.0 |  95.0 | 159.0
          Lair |  15.5 |  14.9 |  11.7 |  29.8 |  32.4 | 1623.2
         Swamp |   7.7 |   7.4 |  11.3 |  18.1 |  34.9 | 1212.2
   Spider Nest |   9.3 |   9.8 |   3.7 |  15.6 |  18.6 | 1598.0
    Slime Pits |   1.9 |   2.1 |   0.0 |  39.7 |   0.0 | 277.4
  Orcish Mines |   6.2 |   5.9 |  12.1 |  19.0 |  16.6 | 1938.0
   Elven Halls |   5.5 |   5.7 |   5.3 |   8.2 |  30.2 | 1231.0
        Vaults |  11.5 |  11.9 |   5.4 |  11.7 |  33.9 | 1936.2
        Depths |   3.8 |   4.0 |   3.7 |   5.1 |  23.5 | 1303.0
         Abyss |   1.8 |   2.0 |   0.0 |  32.3 |   0.0 | 1308.0
     Labyrinth |   0.3 |   0.3 |   0.0 |  30.7 |   0.0 | 215.0
        Bazaar |   0.2 |   0.2 |   0.0 |   0.0 |   0.0 | 147.0
       Ossuary |   1.9 |   2.1 |   0.0 |  78.7 |   0.0 | 1360.0
      Ice Cave |   1.1 |   1.2 |   0.0 |   6.9 |  37.1 | 757.0
               +-------+-------+-------+-------+-------+----------------------

Table legend:
 A = Kills in this place as a percentage of kills in entire the game.
 B = Kills by you in this place as a percentage of kills by you in the entire game.
 C = Kills by friends in this place as a percentage of kills by friends in the entire game.
 D = Other kills in this place as a percentage of other kills in the entire game.
 E = Experience gained in this place as a percentage of experience gained in the entire game.
 F = Experience gained in this place divided by the number of levels of this place that you have seen.
                   A       B       C       D       E      F
               +-------+-------+-------+-------+-------+----------------------
         Total | 100.0 | 100.0 | 100.0 | 100.0 | 100.0 | 17803.4
       Dungeon |  24.0 |  24.2 |  22.4 |   6.2 |   9.9 | 5997.7
          Lair |  10.9 |  10.9 |  14.5 |   0.0 |   7.9 | 11895.7
         Swamp |   7.0 |   7.1 |   5.3 |   0.0 |   7.8 | 17782.0
   Spider Nest |  12.8 |  12.5 |  23.7 |   0.0 |  13.2 | 30000.2
    Slime Pits |   4.2 |   4.3 |   0.0 |   0.0 |   6.2 | 11333.6
  Orcish Mines |   7.8 |   7.7 |  10.5 |  12.5 |   3.9 | 17782.0
   Elven Halls |   6.0 |   6.1 |   1.3 |  12.5 |  11.4 | 34445.3
        Vaults |  14.8 |  14.4 |  15.8 |  62.5 |  23.2 | 52703.8
        Depths |   7.2 |   7.3 |   5.3 |   0.0 |  13.1 | 59545.0
         Abyss |   2.2 |   2.3 |   0.0 |   6.2 |   2.0 | 18125.0
     Labyrinth |   0.2 |   0.1 |   1.3 |   0.0 |   0.2 | 2034.0
       Ossuary |   0.7 |   0.7 |   0.0 |   0.0 |   0.1 | 780.0
      Ice Cave |   2.2 |   2.3 |   0.0 |   0.0 |   1.0 | 9091.0
               +-------+-------+-------+-------+-------+----------------------
